 Dungeon Crawl Stone Soup version 0.29.0-13-gc9e81de378 (webtiles) character file.

Game seed: 12677122078624914805

4 mdonais the Firebug (level 1, 0/16 HPs)
             Began as an Octopode Cinder Acolyte on Sept 8, 2022.
             Was a High Priest of Ignis.
             Slain by a hobgoblin (1 damage)
             ... on level 1 of the Dungeon.
             The game lasted 00:00:26 (121 turns).

mdonais the Firebug (Octopode Cinder Acolyte)        Turns: 121, Time: 00:00:27

Health: 0/16       AC:  1    Str: 13    XL:     1   Next: 70%
Magic:  2/2        EV: 12    Int: 16    God:    Ignis [*****.]
Gold:   12         SH:  0    Dex:  7    Spells: 2/2 levels left

rFire   + . .      SeeInvis .   a - -1 short sword (flame)
rCold   . . .      Faith    .   (no shield)
rNeg    . . .      Spirit   .   (helmet restricted)
rPois   .          Reflect  .   (no amulet)
rElec   .          Harm     .   (no ring)
rCorr   .          Rampage  .   (no ring)
Will    .....                   (no ring)
Stlth   ++........              (no ring)
HPRegen 0.05/turn               (no ring)
MPRegen 0.08/turn               (no ring)
                                (no ring)
                                (no ring)

@: no status effects
A: almost no armour, amphibious, 8 rings, camouflage 1, gelatinous body 1,
(nimble swimmer 1), tentacles
a: Renounce Religion, Fiery Armour, Foxfire Swarm, Rising Flame


You were on level 1 of the Dungeon.
You worshipped Ignis.
Ignis was extremely pleased with you.
You visited 1 branch of the dungeon, and saw 1 of its levels.

You collected 12 gold pieces.

Inventory:

Hand Weapons
 a - a -1 short sword of flaming (weapon)


   Skills:
 - Level 3.0 Fighting
 - Level 3.0 Short Blades
 + Level 1.9 Stealth
 - Level 1.0 Spellcasting
 - Level 3.0 Fire Magic


You had 2 spell levels left.
You didn't know any spells.
Your spell library contained the following spells:

 Spells                   Type           Power      Damage    Failure   Level
 Scorch                   Fire           20%        2d6       10%         2
 Summon Ice Beast         Ice/Summ       0%         N/A       92%         4
 Summon Mana Viper        Hex/Summ       0%         N/A       99%         5
 Monstrous Menagerie      Summ           0%         N/A       100%        7


Dungeon Overview and Level Annotations

Branches:
Dungeon (1/15) Zot: 5878

Altars:


Innate Abilities, Weirdness & Mutations

You cannot wear most types of armour.
You are amphibious.
You can wear up to eight rings at the same time.
Your skin changes colour to match your surroundings (Stealth+).
Your rubbery body absorbs attacks. (AC +1, EV +1)
((You are camouflaged when in or above water. (Stealth+)))
You have tentacles for arms and can constrict up to eight enemies at once.


Message History

Welcome, mdonais the Octopode Cinder Acolyte.
Will you be the one to retrieve the magnificent Orb of Zot from the depths?
The flames of Ignis gently warm you.
Press ? for a list of commands and other information.
Found a robe.
Found a faded altar of an unknown god.
A ball python comes into view.
The ball python hisses angrily.
You hit the ball python. You burn the ball python.
Your grab misses the ball python.
The ball python is severely wounded.
The ball python barely misses you. The ball python grabs you.
The ball python constricts you.
You take 1 damage, and have 15/16 hp.
You hit the ball python. You burn the ball python.
You kill the ball python!
No target in view!
HP restored.
You now have 12 gold pieces.
You pick up a book of Beasts and begin reading...
You add the spells Summon Ice Beast, Summon Mana Viper and Monstrous Menagerie to your library.
Health restored: 16 A dart slug comes into view.
The helpless dart slug fails to defend itself.
You hit the dart slug. You burn the dart slug. You grab the dart slug.
The dart slug is moderately wounded.
You constrict the dart slug.
A dart slug is nearby!
You hit the dart slug. You burn the dart slug. You squeeze the dart slug.
You kill the dart slug!
Your Stealth skill increases to level 1!
A hobgoblin comes into view.
The hobgoblin shouts!
You hear a shout!
The hobgoblin hits you.
You take 2 damage, and have 14/16 hp.
You closely miss the hobgoblin. Your grab misses the hobgoblin.
The hobgoblin hits you.
You take 2 damage, and have 12/16 hp.
You closely miss the hobgoblin. Your grab misses the hobgoblin.
Your squeeze misses the hobgoblin. The hobgoblin misses you.
You barely miss the hobgoblin. Your grab misses the hobgoblin.
The hobgoblin barely misses you.
A hobgoblin comes into view.
You closely miss the hobgoblin. You grab the hobgoblin.
You constrict the hobgoblin. The hobgoblin closely misses you.
You hit the hobgoblin but do no damage.
The hobgoblin is moderately wounded.
You constrict the hobgoblin. The hobgoblin barely misses you.
The hobgoblin closely misses you.
You hit the hobgoblin but do no damage. You squeeze the hobgoblin.
You kill the hobgoblin!
The hobgoblin hits you.
You take 3 damage, and have 9/16 hp.
You barely miss the hobgoblin. You grab the hobgoblin.
You constrict the hobgoblin, but do no damage.
The hobgoblin hits you.
You take 4 damage, and have 5/16 hp.
MASSIVE DAMAGE!!
You completely miss the hobgoblin.
You squeeze the hobgoblin, but do no damage.
You constrict the hobgoblin. The hobgoblin hits you.
* * * LOW HITPOINT WARNING * * *
You take 4 damage, and have 1/16 hp.
MASSIVE DAMAGE!!
You hit the hobgoblin. You burn the hobgoblin.
The hobgoblin is severely wounded.
You constrict the hobgoblin. The hobgoblin hits you.
You die...

# ##.. # ... .# #..#
.#.# #...#_#..#
###..#.#.#.#
#.....#g#..###
#.#....@†....#####
####.###...#..#.....####
........#.## .##..#....#
######.###.#
+...##...### .......#.##
#..###.....# ##..#.##
#.#...###....#
#..#.####.#....##...##
#..#......##...###..##
#..#.......#....##...#


You could see a hobgoblin.

Vanquished Creatures
  A dart slug (D:1)
  A hobgoblin (D:1)
  A ball python (D:1)
3 creatures vanquished.

Notes
Turn   | Place    | Note
-------+----------+-------------------------------------------
     0 | D:1      | mdonais the Octopode Cinder Acolyte began the quest for the
                  | Orb.
     0 | D:1      | Reached XP level 1. HP: 16/16 MP: 2/2
    14 | D:1      | Found a faded altar of an unknown god.
   106 | D:1      | Reached skill level 1 in Stealth
   121 | D:1      | Slain by a hobgoblin

Illustrated notes

Levels and vault maps discovered:
D:1:      dpeg_arrival_long_road, layout_loops_ring, serial_shops,
          nicolae_shop_overgrown_old_shop, nicolae_shop_hallway_plus,
          chequers_ecumenical_altar_simple_redux, minmay_cut_off

Skill      XL: |  1 |
---------------+----+-----
Stealth        | 1 |  1.9
Fighting       | |  3.0
Short Blades   | |  3.0
Spellcasting   | |  1.0
Fire Magic     | |  3.0

Action                   || total
-------------------------++-------
Melee: Short sword       ||    13
       Constrict         ||     3
       Tentacles         ||     3
 Stab: Sleeping          ||     1
Dodge: Dodged            ||     6
